 Dungeon Sprint DCSS version 0.27-a0-216-g1fbed8a51c (webtiles) character file.

Game seed: 6728092952467837491

291195 mhtbhm the Ninja (level 13, 76/76 HPs)
             Began as a Spriggan Brigand on Jan 31, 2021.
             Was the Champion of Dithmenos.
             Escaped with the Orb!
             The game lasted 00:09:28 (3667 turns).

mhtbhm the Ninja (Spriggan Brigand)                 Turns: 3667, Time: 00:09:29

Health: 76/76      AC: 11    Str: 12    XL:     13   Next: 57%
Magic:  23/23      EV: 25    Int: 12    God:    Dithmenos [******]
Gold:   207        SH:  0    Dex: 23    Spells: 9/12 levels left

rFire    + . .     SeeInvis +   a - +9 rapier of Youthful Indiscretion {freeze, +Blink rF+ rN+++ SInv}
rCold    x . .     Faith    .   (shield restricted)
rNeg     + + +     Spirit   +   b - +3 faerie dragon scales {+Fly rC- Will++ rCorr HP+7 SInv}
rPois    .         Reflect  .   (helmet restricted)
rElec    .         Harm     .   c - +1 cloak
rCorr    +         Rampage  .   (gloves unavailable)
Will     ++++.     NoTele   +   (boots unavailable)
Stlth    +++++++...             s - amulet of Osuoqaj {Spirit Str+5 Stlth+}
HPRegen  0.22/turn              (no ring)
MPRegen  0.18/turn              (no ring)

@: hasted, wreathed by umbra, very quick
A: very small, unfitting armour, see invisible, speed 3
0: Orb of Zot
a: Renounce Religion, Evoke Blink, Evoke Flight, Shadow Step, Shadow Form


You escaped.
You worshipped Dithmenos.
Dithmenos was exalted by your worship.
You visited 1 branch You collected 477 gold pieces.
You spent 270 gold pieces at shops.

Inventory:

Hand Weapons
 a - the +9 rapier of Youthful Indiscretion (weapon) {freeze, +Blink rF+ rN+++ SInv}
   (You bought it in a shop in the Dungeon)

   It has been specially enchanted to freeze those struck by it, causing extra
   injury to most foes and up to half again as much damage against particularly
   susceptible opponents.
   It can also slow down cold-blooded creatures.
   It protects you from fire.
   It renders you almost immune to negative energy.
   It lets you see invisible.
   It lets you blink.
Missiles
 d - 24 poisoned darts
 e - 7 curare-tipped darts (quivered)
Armour
 b - the +3 faerie dragon scales (worn) {+Fly rC- Will++ rCorr HP+7 SInv}
   (You took it off the Enchantress in the Dungeon)

   It makes you vulnerable to cold.
   It affects your willpower, your defense against some magical effects.
   It affects your health (+7).
   It lets you see invisible.
   It lets you fly.
   It provides partial protection from all sources of acid and corrosion.
 c - a +1 cloak (worn)
Jewellery
 l - the amulet of invisibility {+Inv}
   (You found it in the Dungeon)

   [amulet of nothing]

   It lets you turn invisible.
 s - the amulet of Osuoqaj (around neck) {Spirit Str+5 Stlth+}
   (You found it in the Dungeon)

   [amulet of guardian spirit]

   It causes incoming damage to be split between your health and magic.
   It affects your strength (+5).
   It makes you more stealthy.
Potions
 f - a potion of curing
 g - a potion of heal wounds
 i - 2 potions of magic
 j - a potion of berserk rage
 m - a potion of flight
 n - a potion of attraction {unknown}
 p - a potion of degeneration {unknown}
Miscellaneous
 r - a lightning rod (4/4)


   Skills:
 + Level 8.6 Fighting
 + Level 15.3 Short Blades
 + Level 8.4 Throwing
 + Level 1.6 Armour
 + Level 8.6 Dodging
 O Level 27 Stealth
 + Level 13.2 Invocations
 + Level 24.0 Evocations


You had 9 spell levels left.
You knew the following spells:

 Your Spells              Type           Power        Failure   Level
a - Mephitic Cloud        Conj/Pois/Air  0%           83%         3

Your spell library contained the following spells:

 Spells                   Type           Power        Failure   Level
 Magic Dart               Conj           0%           45%         1
 Blink                    Tloc           N/A          58%         2
 Call Imp                 Summ           0%           58%         2
 Slow                     Hex            0%           58%         2
 Conjure Flame            Conj/Fire      0%           83%         3
 Animate Dead             Necr           0%           99%         4
 Borgnjor's Vile Clutch   Necr/Erth      0%           100%        5
 Death Channel            Necr           0%           100%        6
 Simulacrum               Ice/Necr       0%           100%        6


Dungeon Overview and Level Annotations

Branches:
Dungeon (1/1)

Altars:
Cheibriados
Dithmenos
Elyvilon
Gozag
Hepliaklqana
Kikubaaqudgha
Makhleb
Nemelex Xobeh
Okawaru
Qazlal
Ru
Sif Muna
Trog
Uskayaw
Vehumet
Wu Jian
Xom
Yredelemnul
Zin
The Shining One
Beogh
Jiyva
Lugonu

Shops:
D !*[}(!=!=[((((!(}[=:[


Innate Abilities, Weirdness & Mutations

You are very small and have problems with some larger weapons.
You are too small for most types of armour.
You have supernaturally acute eyesight. (SInv)
You cover ground extremely quickly.


Message History

There is an open door here.
There is an open door here.
There is an open door here.
A Tzitzimitl comes into view.
There is an open door here.
Blink to where?
Press: ? - help, Dir - move target, f - you
Okay, then.
Okay, then.
Blink to where?
Press: ? - help, Dir - move target
As you read the scroll of blinking, it crumbles to dust.
You feel yourself speed up.
There is an open door here.
There is an open door here.
There is an open door here.
You see here 23 stones.
There is an open door here.
There is a staircase leading out of the dungeon here.
You have escaped!

##################
#@..P#.....#.....#
#PP..'.(...'.#(..'
#PPPP#.....#.#...#
###############'##
#...♣........'...#
#......♣.....#...#
#.†...♣..♣..######
##'####'######..'.
#(.#....'.1.....#♣


There were no monsters in sight!

Vanquished Creatures
  the Enchantress (D)
  Agnes (D)
  2 ghost moths (D)
  6 spriggan defenders (D)
  5 spriggan berserkers (D)
  4 spriggan druids (D)
  25 oklob plants (D)
  3 moths of wrath (D)
  4 demonic crawlers (D)
  2 queen bees (D)
  3 wandering mushrooms (D)
  3 burning bushes (D)
  10 hornets (D)
  2 scorpions (D)
  4 killer bees (D)
  5 oklob saplings (D)
  2 worker ants (D)
  11 spriggans (D)
  A river rat (D)
  A rat (D)
  A ballistomycete spore (D)
96 creatures vanquished.

Vanquished Creatures (others)
  A ballistomycete spore (D)
1 creature vanquished.

Grand Total: 97 creatures vanquished

Notes
Turn   | Place    | Note
-------+----------+-------------------------------------------
     0 | D        | mhtbhm the Spriggan Brigand began the quest for the Orb.
     0 | D        | Reached XP level 1. HP: 10/10 MP: 2/2
     7 | D        | Reached skill level 7 in Stealth
     7 | D        | Reached XP level 2. HP: 15/15 MP: 3/3
   130 | D        | Noticed an oklob sapling
   131 | D        | Killed an oklob sapling
   132 | D        | Reached skill level 9 in Stealth
   132 | D        | Reached XP level 3. HP: 18/18 MP: 4/4
   134 | D        | Found the amulet of invisibility {+Inv}
   136 | D        | Reached skill level 10 in Stealth
   161 | D        | Found an opulent altar of Gozag.
   161 | D        | Found a hazy altar of Hepliaklqana.
   161 | D        | Found a burning altar of Makhleb.
   161 | D        | Found a roughly hewn altar of Beogh.
   161 | D        | Found a sparkling altar of Nemelex Xobeh.
   161 | D        | Found a snail-covered altar of Cheibriados.
   161 | D        | Found a sacrificial altar of Ru.
   161 | D        | Found a shimmering blue altar of Sif Muna.
   161 | D        | Found a shimmering altar of Xom.
   161 | D        | Found a basalt altar of Yredelemnul.
   162 | D        | Found a viscous altar of Jiyva.
   162 | D        | Found a bloodstained altar of Trog.
   162 | D        | Found an ornate altar of the Wu Jian Council.
   162 | D        | Noticed an oklob sapling priest
   163 | D        | Found an iron altar of Okawaru.
   163 | D        | Found a shadowy altar of Dithmenos.
   163 | D        | Found a glowing silver altar of Zin.
   164 | D        | Found an ancient bone altar of Kikubaaqudgha.
   164 | D        | Found a hide-covered altar of Uskayaw.
   165 | D        | Found a stormy altar of Qazlal.
   165 | D        | Found a white marble altar of Elyvilon.
   165 | D        | Found a glowing golden altar of the Shining One.
   166 | D        | Found a corrupted altar of Lugonu.
   166 | D        | Found a radiant altar of Vehumet.
   169 | D        | Killed an oklob sapling priest
   170 | D        | Reached skill level 12 in Stealth
   170 | D        | Reached skill level 1 in Evocations
   170 | D        | Reached XP level 4. HP: 23/23 MP: 2/5
   172 | D        | Became a worshipper of Dithmenos the Shadowed
   182 | D        | Reached skill level 13 in Stealth
   182 | D        | Reached XP level 5. HP: 28/28 MP: 3/6
   319 | D        | Reached skill level 5 in Short Blades
   319 | D        | Reached skill level 14 in Stealth
   432 | D        | Reached * piety under Dithmenos
   738 | D        | Found Rucarul's Distillery.
   738 | D        | Found Feeleiju's Antique Weapon Emporium.
   778 | D        | Reached skill level 15 in Stealth
   791 | D        | Noticed a queen bee
   798 | D        | Killed a queen bee
   798 | D        | Reached ** piety under Dithmenos
   799 | D        | Reached skill level 17 in Stealth
   799 | D        | Reached XP level 6. HP: 33/33 MP: 4/7
   800 | D        | Reached XP level 7. HP: 37/37 MP: 4/8
   801 | D        | Reached skill level 5 in Throwing
   803 | D        | Reached *** piety under Dithmenos
   804 | D        | Reached skill level 18 in Stealth
   805 | D        | Noticed an oklob plant
   808 | D        | Killed an oklob plant
   809 | D        | Reached skill level 19 in Stealth
   809 | D        | Reached skill level 5 in Evocations
   809 | D        | Reached XP level 8. HP: 42/42 MP: 5/9
   946 | D        | Noticed a burning bush
   949 | D        | Killed a burning bush
   950 | D        | Reached skill level 5 in Dodging
   950 | D        | Reached skill level 20 in Stealth
   965 | D        | Noticed a burning bush
   965 | D        | Noticed an oklob plant
   966 | D        | Noticed a wandering mushroom
   967 | D        | Killed a burning bush
   972 | D        | Killed an oklob plant
   972 | D        | Reached **** piety under Dithmenos
   973 | D        | Reached skill level 21 in Stealth
   976 | D        | Killed a wandering mushroom
   977 | D        | Reached skill level 5 in Fighting
   977 | D        | Reached XP level 9. HP: 47/47 MP: 7/10
  1133 | D        | Noticed a spriggan druid
  1134 | D        | Killed a spriggan druid
  1135 | D        | Reached skill level 22 in Stealth
  1146 | D        | Noticed an oklob plant conjurer
  1147 | D        | Killed an oklob plant conjurer
  1147 | D        | Reached ***** piety under Dithmenos
  1158 | D        | Learned a level 3 spell: Mephitic Cloud
  1210 | D        | Noticed an oklob plant
  1210 | D        | Noticed an oklob plant summoner
  1211 | D        | Noticed an oklob plant shifter
  1212 | D        | Killed an oklob plant
  1213 | D        | Reached skill level 23 in Stealth
  1214 | D        | Killed an oklob plant summoner
  1215 | D        | Reached skill level 10 in Short Blades
  1216 | D        | Killed an oklob plant shifter
  1223 | D        | Noticed a demonic crawler
  1225 | D        | Killed a demonic crawler
  1226 | D        | Reached skill level 24 in Stealth
  1226 | D        | Reached XP level 10. HP: 49/51 MP: 5/11
  1346 | D        | Reached skill level 10 in Evocations
  1347 | D        | Reached skill level 25 in Stealth
  1353 | D        | Found Hufixag's Jewellery Emporium.
  1353 | D        | Found Kiucvyudgh's Armour Shoppe.
  1448 | D        | Noticed a spriggan rider
  1449 | D        | Found Inlerey's Book Emporium.
  1450 | D        | Killed a spriggan rider
  1451 | D        | Reached skill level 1 in Invocations
  1452 | D        | Found Ucserr's Antique Armour Shoppe.
  1527 | D        | Noticed Agnes
  1528 | D        | Found Zuppor's Weapon Emporium.
  1528 | D        | Found Sazebrut's Gadget Shoppe.
  1529 | D        | Killed Agnes
  1530 | D        | Reached skill level 27 in Stealth
  1577 | D        | Noticed a spriggan defender
  1580 | D        | Killed a spriggan defender
  1581 | D        | Reached XP level 11. HP: 52/56 MP: 9/14
  1599 | D        | Noticed a spriggan berserker
  1601 | D        | Killed a spriggan berserker
  1762 | D        | Noticed a spriggan rider
  1765 | D        | Killed a spriggan rider
  1769 | D        | Reached skill level 5 in Invocations
  2033 | D        | Noticed a ghost moth
  2034 | D        | Found Ogemat's Assorted Antiques.
  2034 | D        | Found Atemyubo's Armour Emporium.
  2034 | D        | Found Beit's Distillery.
  2036 | D        | Killed a ghost moth
  2037 | D        | Reached skill level 15 in Evocations
  2109 | D        | Noticed an oklob plant shifter
  2109 | D        | Noticed an oklob plant meteorologist
  2113 | D        | Killed an oklob plant meteorologist
  2113 | D        | Reached ****** piety under Dithmenos
  2121 | D        | Killed an oklob plant shifter
  2133 | D        | Noticed a spriggan rider
  2134 | D        | Killed a spriggan rider
  2185 | D        | Found Cocuk's Antique Weapon Shoppe.
  2185 | D        | Found Affusuwn's Distillery.
  2185 | D        | Found Zenueck's Gadget Shop.
  2185 | D        | Found Hyuny's Distillery.
  2185 | D        | Found Dapsehea's Jewellery Shoppe.
  2186 | D        | Found Ympuag's Armour Emporium.
  2186 | D        | Found Suloj's Antique Weapon Shop.
  2186 | D        | Found Uriquy's Jewellery Boutique.
  2305 | D        | Bought a polished rapier for 270 gold pieces
  2305 | D        | Identified the +9 rapier of Youthful Indiscretion {freeze,
                  | +Blink rF+ rN+++ SInv} (You bought it in a shop in the
                  | Dungeon)
  2405 | D        | Noticed an oklob plant summoner
  2406 | D        | Found Hiykkev's Weapon Emporium.
  2406 | D        | Found Axkontes's Weapon Shop.
  2407 | D        | Killed an oklob plant summoner
  2409 | D        | Noticed an oklob plant annihilator
  2410 | D        | Noticed an oklob plant demonologist
  2410 | D        | Noticed a spriggan berserker
  2411 | D        | Killed an oklob plant annihilator
  2413 | D        | Killed a spriggan berserker
  2415 | D        | Killed an oklob plant demonologist
  2421 | D        | Got a twitching garnet amulet
  2466 | D        | Identified the amulet of Osuoqaj {Spirit Str+5 Stlth+} (You
                  | found it in the Dungeon)
  2519 | D        | Noticed an oklob plant
  2519 | D        | Noticed an oklob plant
  2519 | D        | Noticed an oklob plant
  2519 | D        | Noticed an oklob plant
  2519 | D        | Noticed an oklob plant
  2519 | D        | Noticed an oklob plant
  2520 | D        | Noticed an oklob plant
  2521 | D        | Killed an oklob plant
  2522 | D        | Reached XP level 12. HP: 60/60 MP: 16/19
  2627 | D        | Noticed a spriggan defender
  2627 | D        | Noticed a spriggan defender
  2629 | D        | Killed a spriggan defender
  2630 | D        | Killed a spriggan defender
  2631 | D        | Reached skill level 10 in Invocations
  2983 | D        | Noticed a spriggan defender
  2985 | D        | Killed a spriggan defender
  2986 | D        | Reached XP level 13. HP: 62/67 MP: 17/22
  3115 | D        | Noticed the Enchantress
  3118 | D        | Killed the Enchantress
  3353 | D        | Noticed a ghost moth
  3358 | D        | Killed a ghost moth
  3359 | D        | Reached skill level 1 in Armour
  3362 | D        | Reached skill level 15 in Short Blades
  3367 | D        | Noticed a spriggan defender
  3367 | D        | Noticed a spriggan defender
  3370 | D        | Killed a spriggan defender
  3371 | D        | Killed a spriggan defender
  3459 | D        | Got the Orb of Zot
  3597 | D        | Noticed a Tzitzimitl
  3638 | D        | Noticed a Tzitzimitl
  3667 | D        | Escaped with the Orb!

Illustrated notes

Levels and vault maps discovered:
D:        dungeon_sprint_fedhas [sprint_temple]

Skill      XL: |  1  2  3  4  5  6  7  8  9 10 11 12 13 |
---------------+----------------------------------------+-----
Short Blades   | 3 4 6 7 9 10 11 12 13 15 | 15.3
Stealth        | 7 9 12 13 17 19 21 24 27 | 27.0
Fighting       | 2 3 4 5 7 8 |  8.6
Dodging        | 2 4 5 6 7 8 |  8.6
Throwing       | 3 4 5 6 7 8 |  8.4
Evocations     | 1 3 4 5 7 9 13 18 22 24 | 24.0
Invocations    | 3 8 11 13 | 13.2
Armour         | 1 |  1.6

Action                   |  1- 3 |  4- 6 |  7- 9 | 10-12 | 13-15 || total
-------------------------+-------+-------+-------+-------+-------++-------
Melee: Dagger            |     7 |    20 |    16 |    21 |       ||    64
       Rapier            |       |       |       |    26 |    15 ||    41
Throw: Dart              |     1 |     5 |       |     2 |       ||     8
Invok: Shadow Step       |       |       |     1 |    18 |     8 ||    27
 Abil: Evoke Invisibilit |     1 |     1 |     2 |     6 |     3 ||    13
  Use: Scroll            |       |       |       |       |     4 ||     4
       Potion            |       |       |       |       |     1 ||     1
 Stab: Sleeping          |     3 |     4 |    16 |    45 |    15 ||    83
       Invisible         |       |       |       |     2 |       ||     2
Dodge: Dodged            |     3 |    11 |       |       |     6 ||    20

Table legend: (Time is in decaauts)
 A = Elapsed time spent in this place.
 B = Non-inter-level travel time spent in this place.
 C = Inter-level travel time spent in this place.
 D = Time resting spent in this place.
 E = Time spent auto-exploring this place.
 F = Levels seen in this place.
 G = Mean time per level.
                   A        B        C        D        E       F      G
               +--------+--------+--------+--------+--------+-----+--------+
         Total |   3148 |   2952 |    196 |   2146 |      0 |   1 | 3148.0 |
       Dungeon |   3148 |   2952 |    196 |   2146 |      0 |   1 | 3148.0 |
               +--------+--------+--------+--------+--------+-----+--------+

Top non-repeatable levels by time:
       D: 3148 daAuts
